Map: Blackpink LE

Players

TRUE

  • Race: Zerg Zerg
  • Spawn Location: 1:00

ShoWTimE - Winner!

  • Race: Protoss Protoss
  • Spawn Location: 7:00

Event: WCS Leipzig 2018

VOD

Have the link to the VOD?

Description

Time

  • Played on: Jan. 27, 2018, 11:46 a.m.
  • Length: 8:10

All games in this series

Show
View Real Time Build Order
Export as new Build Order

TRUE Zerg 

Build Orders: Hatch First 

Get SALT Encoding   

  12  0:00  Drone  
  13  0:09  Drone  
  14  0:21  Overlord  
  14  0:25  Drone, Extractor  
  15  0:40  Drone  
  16  0:49  Hatchery  
  15  0:52  Drone  
  15  0:56  Drone  
  17  1:11  Spawning Pool  
  16  1:12  Drone  
  17  1:19  Drone, Extractor  
  17  1:22  Drone  
  18  1:29  Drone  
  19  1:39  Overlord  
  19  1:49  Drone  
  20  1:57  Queen  
  20  1:59  Zergling x2  
  20  2:00  Queen  
  25  2:02  Drone  
  26  2:09  Drone  
  26  2:12  Drone  
  28  2:19  Metabolic Boost  
  28  2:20  Drone  
  30  2:22  Drone  
  30  2:31  Drone  
  30  2:32  Queen  
  30  2:33  Drone  
  34  2:49  Hatchery  
  33  2:52  Overlord  
  33  2:55  Drone  
  33  2:56  Drone  
  35  2:59  Drone  
  36  3:10  Drone x4  
  36  3:11  Drone x2  
  42  3:14  Overlord  
  42  3:17  Drone  
  43  3:20  Drone  
  43  3:24  Overlord  
  43  3:25  Evolution Chamber  
  43  3:42  Queen x2  
  43  3:43  Drone x4  
  43  3:45  Drone  
  52  3:49  Overlord  
  52  3:52  Overlord  
  52  3:55  Zerg Melee Weapons Level 1  
  52  3:56  Overlord  
  52  4:01  Drone x3  
  55  4:04  Drone  
  55  4:08  Drone x2  
  55  4:11  Drone x2  
  55  4:14  Drone x2  
  55  4:16  Drone  
  60  4:17  Drone  
  60  4:19  Drone  
  60  4:20  Drone  
  63  4:24  Queen  
  63  4:27  Zergling x2  
  63  4:28  Zergling x2  
  67  4:32  Drone x2  
  67  4:34  Drone  
  67  4:36  Extractor  
  67  4:37  Baneling Nest  
  68  4:40  Drone  
  68  4:42  Extractor  
  69  4:45  Drone  
  69  4:46  Drone x4  
  69  4:47  Drone  
  74  4:54  Overlord  
  74  4:55  Overlord  
  74  4:57  Overlord  
  74  4:58  Overlord  
  74  5:03  Lair  
  74  5:04  Overlord  
  74  5:06  Overlord x2  
  74  5:13  Zergling x6  
  77  5:15  Zergling x2  
  77  5:16  Zergling x2  
  77  5:17  Zergling x6  
  77  5:20  Zergling x2  
  82  5:21  Zergling x2  
  82  5:22  Zergling x4  
  82  5:26  Zergling x2  
  86  5:28  Zergling x2  
  86  5:29  Zergling x4  
  86  5:30  Zergling x2  
  86  5:34  Zergling x2  
  91  5:39  Zergling x4, Hatchery  
  92  5:44  Zergling x4  
  92  5:47  Zergling x4  
  97  5:50  Zergling x2  
  97  5:53  Zergling x8  
  97  5:54  Baneling x10  
  100  5:57  Zergling x6  
  100  5:58  Zergling x2  
  100  5:59  Zerg Missile Weapons Level 1  
  103  6:04  Zergling x4  
  103  6:07  Zergling x2  
  99  6:15  Zergling x2  
  99  6:17  Zergling x2  
  99  6:18  Zergling x6  
  91  6:19  Zergling x6  
  91  6:20  Zergling x2  
  92  6:27  Hydralisk Den  
  92  6:30  Drone x6  
  97  6:32  Extractor  
  97  6:33  Extractor  
  89  6:48  Zergling x16  
  89  6:51  Zergling x4  
  89  6:52  Overlord  
  99  6:57  Hydralisk, Muscular Augments, Lurker Den  
  99  6:58  Hydralisk x2  
  99  7:00  Hydralisk  
  106  7:03  Hydralisk  
  106  7:07  Hydralisk  
  109  7:11  Hydralisk  
  109  7:14  Hydralisk  
  110  7:18  Zergling x4  
  110  7:20  Zergling x2  
  110  7:22  Overlord  
  109  7:27  Zergling x2  
  109  7:29  Zergling x2  
  105  7:32  Zergling x6  
  105  7:34  Hydralisk  
  105  7:35  Hydralisk x3  
  98  7:37  Hydralisk  
  98  7:40  Zergling x8  
  98  7:42  Zergling x2  
  104  7:44  Hydralisk  
  104  7:46  Hydralisk  
  81  7:53  Zergling x18  
Show
View Real Time Build Order
Export as new Build Order

ShoWTimE Protoss - Winner!

Build Orders: 1 Gate Expand, Oracle Opening, Phoenix Opening, Zealot Archon, Archon Drop 

Get SALT Encoding   

  12  0:00  Probe  
  13  0:12  Probe  
  14  0:19  Pylon  
  14  0:24  Probe  
  15  0:37  Probe (Chrono Boost)  
  16  0:45  Gateway  
  16  0:46  Probe (Chrono Boost)  
  16  0:47  Assimilator  
  17  0:51  Probe (Chrono Boost)  
  18  1:03  Probe  
  19  1:15  Probe  
  20  1:25  Nexus  
  20  1:34  Cybernetics Core  
  20  1:37  Probe  
  21  1:43  Assimilator  
  21  1:50  Probe  
  21  1:53  Pylon  
  22  2:02  Probe  
  23  2:09  Adept (Chrono Boost)  
  23  2:14  Probe  
  26  2:16  Stargate  
  26  2:23  Warp Gate  
  26  2:26  Probe (Chrono Boost)  
  27  2:31  Stalker  
  29  2:37  Probe (Chrono Boost)  
  31  2:44  Probe (Chrono Boost)  
  31  2:47  Probe (Chrono Boost)  
  31  2:51  Probe (Chrono Boost)  
  33  2:52  Probe (Chrono Boost)  
  34  3:02  Probe, Oracle (Chrono Boost)  
  34  3:03  Probe  
  39  3:14  Probe  
  39  3:15  Pylon  
  39  3:16  Probe  
  41  3:24  Gateway  
  41  3:26  Probe  
  42  3:28  Probe (Chrono Boost)  
  42  3:29  Phoenix (Chrono Boost)  
  45  3:38  Assimilator  
  45  3:40  Probe (Chrono Boost), Assimilator  
  47  3:44  Probe (Chrono Boost)  
  47  3:46  Adept  
  50  3:48  Probe (Chrono Boost)  
  50  3:52  Probe (Chrono Boost)  
  50  3:54  Probe, Twilight Council  
  52  4:03  Probe  
  52  4:06  Probe  
  54  4:11  Robotics Facility  
  54  4:21  Gateway  
  54  4:23  Gateway  
  54  4:28  Gateway, Pylon  
  54  4:29  Charge (Chrono Boost)  
  54  4:33  Gateway  
  54  4:39  Templar Archives  
  54  4:43  Pylon  
  54  4:46  Probe  
  54  4:47  Probe  
  54  4:51  Zealot  
  58  4:54  Zealot  
  58  4:57  Warp Prism (Chrono Boost)  
  60  5:05  Pylon  
  62  5:19  Nexus  
  62  5:24  High Templar x4  
  62  5:27  Zealot  
  72  5:29  Archon x2  
  72  5:30  Zealot  
  72  5:33  Pylon  
  72  5:34  Observer  
  75  5:38  Probe x2  
  75  5:41  Pylon  
  77  5:57  Zealot x4  
  77  6:01  Zealot x2  
  89  6:04  Pylon  
  89  6:11  Probe x2  
  81  6:23  Probe x2  
  81  6:24  Forge  
  69  6:26  High Templar x4  
  69  6:27  Zealot  
  69  6:30  Archon  
  69  6:31  Archon  
  69  6:32  Probe  
  80  6:35  Probe x2  
  82  6:43  Zealot  
  82  6:44  Probe  
  85  6:47  Probe x2  
  85  6:51  Shield Battery  
  85  6:53  Pylon  
  87  6:56  Probe  
  87  6:59  Probe x2  
  90  7:05  Zealot x3  
  90  7:07  Zealot x3  
  102  7:13  Probe x2  
  102  7:14  Probe  
  98  7:25  Probe x2  
  100  7:30  Zealot x5  
  100  7:35  Zealot  
  100  7:36  Probe  
  113  7:37  Probe  
  113  7:38  Probe  
  115  7:46  Pylon  
  107  7:54  Zealot x5  
  107  7:58  Zealot  
  111  8:01  Pylon  
  112  8:08  Assimilator  
  112  8:10  Assimilator  
Tags
 
Add a new tag
Caveats
  • Supply blocks, unpowered buildings, or Contaminate may cause inaccurate times.
  • Supply counts are checked every 10 seconds.